 Dungeon Crawl Stone Soup version 0.32-a0-643-ga006e7742e (webtiles) character file.

Game seed: 16149319703869800854

186250 adelrune the Marksgoblin (level 18, -3/132 HPs)
             Began as a Coglin Hunter on Mar 7, 2024.
             Was the Champion of Hepliaklqana.
             Hit by a large rock thrown by Polyphemus (21 damage)
             ... while petrified
             ... on level 1 of the Shoals.
             The game lasted 02:16:35 (39034 turns).

adelrune the Marksgoblin (Coglin Hunter)           Turns: 39034, Time: 02:16:36

Health: -3/132     AC: 16    Str: 13    XL:     18   Next: 47%
Magic:  25/25      EV:  2    Int:  8    God:    Hepliaklqana [******]
Gold:   1227       SH:  0    Dex: 25    Spells: 15/17 levels left

rFire   + . .        a - +4 sling (heavy) {Hua}
rCold   + . .        d - +3 sling (heavy) {Juan}
rNeg    + + +        H - +3 leather armour {rF+}
rPois   ∞            I - +1 helmet "Zecorewa" {rN+ rCorr Str-3 Slay+2}
rElec   .            J - +0 cloak of the Thief {Quiet Slay-3 SInv Stlth+}
rCorr   +            x - +1 pair of gloves {Str+3}
SInv    +            (no boots)
Will    +....        (amulet unavailable)
Stlth   ++++++       (ring unavailable)
HPRegen 0.42/turn    (ring unavailable)
MPRegen 0.19/turn    y - gyrowhirligig L-80 {RevParry, rPois rC+ rCorr}

%: no passive effects
@: petrified, studying Maces & Flails, revving
A: reduced essence, off-hand wielding, slow wielding, warmup strikes, no
jewellery
a: Renounce Religion, Recall Ancestor, Ancestor Identity, Transference, Idealise


You were on level 1 of the Shoals.
You worshipped Hepliaklqana.
Hepliaklqana was exalted by your worship.
You visited 5 branches of the dungeon, and saw 27 of its levels.
You visited the Abyss 1 time.
You also visited: Gauntlet and Volcano.

You collected 2658 gold pieces.
You spent 1431 gold pieces at shops.

Inventory:

Hand Weapons
 a - a +4 heavy sling (weapon) {Hua}
 c - a +1 demon blade of flaming
 d - a +3 heavy sling (offhand) {Juan}
Missiles
 e - 8 curare-tipped darts
Armour
 x - a +1 pair of gloves of strength (worn)
 H - a +3 leather armour of fire resistance (worn)
 I - the +1 helmet "Zecorewa" (worn) {rN+ rCorr Str-3 Slay+2}
   (You found it on level 5 of the Lair of Beasts)

   Str-3:     It affects your strength (-3).
   Slay+2:    It affects your accuracy & damage with ranged weapons and melee
   (+2).
   rN+:       It protects you from negative energy.
   rCorr:     It protects you from acid and corrosion.
 J - the +0 cloak of the Thief (worn) {Quiet Slay-3 SInv Stlth+}
   (You bought it in a shop on level 1 of the Orcish Mines)

   Quiet:     All noise in your surroundings is dampened.
   Slay-3:    It affects your accuracy & damage with ranged weapons and melee
   (-3).
   SInv:      It lets you see invisible.
   Stlth+:    It makes you more stealthy.
 K - a +3 ring mail of cold resistance
Gizmo
 y - a gyrowhirligig L-80 (installed) {RevParry, rPois rC+ rCorr}
   (You invented it yourself on level 4 of the Lair of Beasts)

   [gyrowhirligig L-80]

   RevParry:  Your AC increases as you Rev (up to +5) and while fully Revved,
   your attacks may disarm enemies.
   rC+:       It protects you from cold.
   rPois:     It protects you from poison.
   rCorr:     It protects you from acid and corrosion.
Wands
 b - a wand of flame (41)
 t - a wand of iceblast (14)
 u - a wand of mindburst (32)
 P - a wand of charming (1)
 R - a wand of digging (15)
Scrolls
 f - 4 scrolls of fear
 h - a scroll of brand weapon
 i - 6 scrolls of teleportation
 k - 3 scrolls of immolation
 m - 9 scrolls of enchant armour
 q - 3 scrolls of silence
 s - a scroll of revelation
 v - 5 scrolls of fog
 F - 4 scrolls of vulnerability
 L - 2 scrolls of torment
 M - a scroll of identify
 N - 2 scrolls of poison
Potions
 g - 9 potions of mutation
 l - a potion of invisibility
 n - 4 potions of lignification
 o - 8 potions of haste
 p - 5 potions of berserk rage
 r - a potion of resistance
 w - 2 potions of ambrosia
 z - 4 potions of enlightenment
 A - 5 potions of cancellation
 B - 3 potions of attraction
 C - 2 potions of might
 D - 3 potions of brilliance
 E - 3 potions of degeneration
 G - 10 potions of curing
Miscellaneous
 O - a sack of spiders
 Q - a lightning rod (3/4)


   Skills:
 + Level 14.6 Fighting
 + Level 15.1 Ranged Weapons
 + Level 6.2 Armour
 + Level 13.3 Dodging
 * Level 10.3 Stealth
 * Level 6.1 Translocations
 + Level 9.9 Invocations
 + Level 14.5 Evocations


You had 15 spell levels left.
You knew the following spells:

 Your Spells              Type           Power      Damage    Failure   Level
a - Blink                 Tloc           18%        N/A       6%          2

Your spell library contained the following spells:

 Spells                   Type           Power      Damage    Failure   Level
 Lesser Beckoning         Tloc           18%        N/A       6%          2
 Gell's Gravitas          Tloc           9%         N/A       13%         3
 Teleport Other           Tloc           9%         N/A       13%         3
 Momentum Strike          Conj/Tloc      8%         3d8       22%         2
 Manifold Assault         Tloc           9%         N/A       38%         4
 Passage of Golubria      Tloc           9%         N/A       38%         4
 Volatile Blastmotes      Fire/Tloc      8%         2d10      41%         3
 Magic Dart               Conj           0%         1d3       47%         1
 Necrotise                Necr           0%         1d4       47%         1
 Sandblast                Erth           0%         2d4       47%         1
 Ensorcelled Hibernation  Hex/Ice        0%         N/A       63%         2
 Mercury Vapours          Alch/Air       0%         N/A       63%         2
 Searing Ray              Conj           0%         2d4       63%         2
 Sublimation of Blood     Necr           0%         N/A       63%         2
 Iskenderun's Mystic Bla  Conj/Tloc      4%         2d3       83%         4
 Hailstorm                Conj/Ice       0%         3d5       85%         3
 Passwall                 Erth           0%         N/A       85%         3
 Stone Arrow              Conj/Erth      0%         3d7       85%         3
 Summon Ice Beast         Ice/Summ       0%         N/A       85%         3
 Swiftness                Air            0%         N/A       85%         3
 Brom's Barrelling Bould  Conj/Erth      0%         2d3       99%         4
 Fulminant Prism          Conj/Alch      0%         3d5       99%         4
 Leda's Liquefaction      Alch/Erth      0%         N/A       99%         4
 Petrify                  Alch/Erth      0%         N/A       99%         4
 Summon Lightning Spire   Summ/Air       0%         N/A       99%         4
 Alistair's Intoxication  Alch           0%         N/A       100%        5
 Arcjolt                  Conj/Air       0%         1d10      100%        5
 Borgnjor's Vile Clutch   Necr/Erth      0%         N/A       100%        5
 Irradiate                Conj/Alch      0%         3d11      100%        5
 Silence                  Hex/Air        0%         N/A       100%        5
 Death Channel            Necr           0%         N/A       100%        6
 Dispersal                Tloc           4%         N/A       100%        6
 Eringya's Noxious Bog    Alch           0%         4d6       100%        6
 Sculpt Simulacrum        Ice/Alch       0%         N/A       100%        6
 Disjunction              Tloc           4%         N/A       100%        8
 Lehudib's Crystal Spear  Conj/Erth      0%         10d2      100%        8


Dungeon Overview and Level Annotations

Branches:
Dungeon (15/15)            Temple (0/1) D:6            Lair (5/5) D:9
 Shoals (2/4) Lair:2        Snake (3/4) Lair:3        Slime (0/5) Lair:5
    Orc (2/2) D:9             Elf (0/3) Orc:2        Vaults (0/5) D:14
 Depths (0/4) D:15        Volcano (visited)         Gauntlet (visited)

Altars:
Cheibriados
Dithmenos
Elyvilon
Hepliaklqana
Nemelex Xobeh
Trog
Uskayaw
The Shining One
Jiyva

Shops:
Orc:1 ?[!:   Orc:2 (?*[   Snake:1 :==   Snake:2 :   Snake:3 *(

Annotations:
D:8 5 runed translucent doors
D:9 3 runed translucent doors, MadMike78's ghost, novice CoGl
D:15 3 runed translucent doors, Juicyj's ghost, journeyman MDFi
Lair:4 exclusion: downstairs
Lair:5 exclusion: obsidian statue
Shoals:1 Polyphemus
Shoals:2 Ilsuiw
Snake:1 Roxanne
Orc:2 3 runed translucent doors, Jaxible's ghost, novice MiBe


Innate Abilities, Weirdness & Mutations

Your life essence is reduced to manifest your ancestor. (-10% HP)
You can wield a second weapon in your off-hand.
It takes a long time for you to wield or remove held weapons.
Your first few attacks do less damage.
You cannot equip rings or amulets.


Message History

The sling bullet barely misses the catoblepas.
The catoblepas breathes a plume of calcifying dust at you.
The blast of calcifying dust hits you but does no damage.
The death yak gores you.
You shoot a sling bullet.
The sling bullet hits the catoblepas but does no damage.
The catoblepas is heavily wounded.
You shoot a sling bullet. The sling bullet hits the catoblepas.
The catoblepas is heavily wounded.
You are engulfed in calcifying dust.
The catoblepas breathes a plume of calcifying dust at you.
The blast of calcifying dust hits you but does no damage.
The death yak closely misses you. The catoblepas gores you!
You shoot a sling bullet. The sling bullet hits the catoblepas!!
The catoblepas is severely wounded.
You shoot a sling bullet. The sling bullet hits the catoblepas.
The catoblepas is severely wounded.
The catoblepas breathes a plume of calcifying dust at you.
The blast of calcifying dust hits you.
* * * LOW HITPOINT WARNING * * *
The death yak is engulfed in calcifying dust.
The death yak stops moving altogether!
The catoblepas breathes a plume of calcifying dust at you.
The blast of calcifying dust hits you but does no damage.
You shoot a sling bullet. The sling bullet hits the catoblepas!!
The catoblepas is almost dead.
You shoot a sling bullet. The sling bullet hits the catoblepas!
You kill the catoblepas!
You are engulfed in calcifying dust.
You are slowing down.
Polyphemus is no longer petrified.
Polyphemus hits you but does no damage. Polyphemus barely misses you.
Your limbs are stiffening.
Polyphemus throws a large rock.
The large rock hits you!!
* * * LOW HITPOINT WARNING * * *
You have turned to stone.
Polyphemus throws a large rock.
The large rock hits you!!!
You die...
Polyphemus says, "You're nobody."
Hepliaklqana delivers you to your ancestors.

#...#.....##.....~~~..##.# #..~~
...##..........))~~..##### ##.~~
...###........~≈≈≈~~## ### #.~~≈
(.[###....)....≈≈≈≈~.####.###.~~≈
...............≈≈≈≈§......~..~~~≈
~~...~~...##.....~§~~~~~..~~~~~≈≈
~~...≈≈~..####...§~~~~~~~~~~~~~≈≈
~~...≈≈≈..####..§.~~~~~~~~~~~~≈≈≈
~~~~~≈≈≈≈..##..§@.~~~~~~~≈≈≈≈≈≈≈≈
~~..~≈≈≈~.....§.#.~...~~~≈≈≈≈≈≈≈≈
~P~~≈≈~~....Y†.C.....~~~~~≈≈≈≈≈≈≈
~~~~≈≈~~~.........###.~~~~~~~~~≈≈
~≈~~~~~~~~...##...###.~~~~~~~~~≈≈
≈≈~...~~~~...#...###..~~~~~~~~~≈≈
~~~..~~~~~.......###..~~...~~≈≈≈≈
~>~~~~~...............~~~Y~~~~~~≈
~~~~~~~~~>...........~~~~~~~~~~~~


You could see Polyphemus (drained) and a death yak (petrified).

Vanquished Creatures
  Vashnia (Snake:3)
  A lich (Abyss:1)
  A tentacled starspawn (Abyss:1)
  Aizul (Snake:2)
  Louise (Snake:3)
  2 dire elephants (Lair:5)
  Nessos (D:15)
  Snorg (Lair:5)
  A great orb of eyes (Abyss:1)
  A spriggan zombie (Abyss:1)
  A salamander tyrant (Snake:3)
  4 hydras
  9 anacondas
  A catoblepas (Shoals:1)
  3 ogre magi
  3 boulder beetles
  A centaur warrior (D:15)
  3 tengu warriors
  16 two-headed ogres
  Erica (Lair:1)
  7 death yaks
  2 death scarabs (Gauntlet)
  A deep troll earth mage (D:15)
  A death knight (D:13)
  3 hell hogs
  An orc high priest (Orc:2)
  7 naga sharpshooters
  7 naga warriors
  Sonja (D:13)
  A wretched star (Abyss:1)
  5 shock serpents (Snake:3)
  5 skeletal warriors
  2 salamander mystics (Snake:3)
  A spectral anaconda (Lair:5)
  A spectral death yak (Gauntlet)
  2 sea snakes (Shoals:1)
  2 large abominations (Abyss:1)
  2 mana vipers
  A sun moth (shapeshifter) (D:14)
  A naga ritualist (Snake:3)
  A deep elf pyromancer (D:13)
  9 harpies
  2 deep trolls (Orc:2)
  A necromancer (Lair:5)
  4 ugly things (D:15)
  An orc knight (Orc:1)
  An orc sorcerer (Orc:1)
  4 manticores
  3 fauns (Shoals:1)
  8 cyclopes
  17 elephants
  11 salamanders
  3 meliai (D:15)
  A centaur zombie (Abyss:1)
  A kobold blastminer (Orc:2)
  A merfolk siren (Shoals:1)
  21 black mambas
  6 slime creatures
  5 guardian serpents
  6 naga magi
  Joseph (D:8)
  A dire elephant zombie (Lair:5)
  A smoke demon (Abyss:1)
  2 torpor snails
  8 cane toads
  2 gargoyles
  3 centaur skeletons (D:14)
  A rime drake (Lair:1)
  5 komodo dragons
  5 yaktaurs
  2 freezing wraiths (D:11)
  An unseen horror (D:10)
  2 dire elephant skeletons (Lair:5)
  A tormentor (Abyss:1)
  3 tengu conjurers
  2 ancient zymes (Abyss:1)
  9 trolls
  A merfolk (Shoals:1)
  A queen bee (shapeshifter) (D:14)
  A hellwing (Abyss:1)
  A spectral elephant (Lair:5)
  3 polar bears
  A snapping turtle (Shoals:1)
  Sigmund (D:3)
  2 spectral black mambas (Gauntlet)
  20 blink frogs
  A shadow (D:10)
  2 wraiths
  A yak (shapeshifter) (D:15)
  3 wyverns
  29 yaks
  5 vampire mosquitoes (D:12)
  2 water elementals
  3 steam dragons
  2 wargs (Orc:2)
  6 basilisks
  A death yak simulacrum (Lair:5)
  39 nagas
  A small abomination (D:13)
  3 hell hounds (Volcano)
  8 water moccasins
  17 orc warriors
  3 black bears
  A sky beast (D:8)
  2 boggarts (D:15)
  9 wolves
  21 ogres
  12 centaurs
  2 elephant skeletons (Lair:5)
  2 phantoms
  6 kobold brigands
  7 bullfrogs
  2 gnoll sergeants
  5 scorpions
  A cane toad simulacrum (Lair:5)
  11 wights
  8 killer bees
  2 elephant simulacra (Lair:5)
  5 electric eels
  6 howler monkeys
  A quasit (Abyss:1)
  12 orc priests
  A jelly (D:4)
  A gnoll bouda (D:8)
  A hound (D:4)
  5 iguanas
  Terence (D:3)
  5 hexers
  2 sleepcaps (D:8)
  13 orc wizards
  6 adders
  13 gnolls
  A shadow imp (D:8)
  A white imp (D:5)
  An ufetubus (Abyss:1)
  3 dart slugs
  4 ribbon worms
  42 orcs
  6 ball pythons
  9 bats
  2 endoplasms (D:1)
  3 giant cockroaches
  8 hobgoblins
  12 jackals
  15 kobolds
  7 quokkas
  10 frilled lizards
  8 goblins
  8 rats
  2 butterflies (Lair:1)
723 creatures vanquished.

Vanquished Creatures (collateral kills)
  A sphinx (D:15)
  2 nagarajas (Snake:2)
  A minotaur (Gauntlet)
  A dire elephant (Lair:5)
  A green death (Abyss:1)
  A hydra (Lair:2)
  An ice dragon (D:10)
  3 boulder beetles
  2 catoblepae
  2 centaur warriors
  An anaconda (Snake:2)
  3 two-headed ogres
  2 death yaks
  A hell hog (Abyss:1)
  5 naga sharpshooters
  Urug (D:13)
  6 naga warriors
  A spectral death yak (Lair:5)
  2 skysharks
  2 skeletal warriors (D:14)
  2 naga ritualists (Snake:2)
  4 mana vipers
  4 harpies
  2 orc knights
  3 necromancers (Lair:5)
  An ugly thing (D:12)
  A cyclops (D:11)
  4 guardian serpents
  4 elephants
  A worldbinder (Abyss:1)
  5 salamanders
  A kobold blastminer (Orc:2)
  5 naga magi
  6 black mambas
  4 cane toads
  A centaur skeleton (D:14)
  A kobold demonologist (D:14)
  A freezing wraith (D:14)
  A komodo dragon (Lair:3)
  A yaktaur (D:15)
  5 trolls
  A merfolk (Shoals:2)
  A wind drake (Shoals:1)
  A polar bear (Lair:3)
  3 blink frogs
  A snapping turtle (Lair:2)
  3 slime creatures
  A spectral black mamba (Gauntlet)
  A wyvern (Lair:1)
  19 yaks
  A ynoxinul (D:12)
  A steam dragon (D:8)
  A basilisk (Lair:2)
  A vampire mosquito (D:12)
  A spectral cane toad (Lair:5)
  5 nagas
  A hell hound (Volcano)
  6 water moccasins
  3 black bears
  A sky beast (D:6)
  5 orc warriors
  4 ogres
  3 centaurs (D:11)
  A boggart (D:15)
  4 wolves
  A kobold brigand (D:8)
  A gnoll sergeant (D:6)
  A scorpion (D:5)
  A cane toad simulacrum (Lair:5)
  2 wights
  4 killer bees
  An electric eel (D:9)
  A howler monkey (D:8)
  A bombardier beetle (D:4)
  2 orc priests
  4 orc wizards
  An iguana (D:6)
  7 gnolls
  2 adders
  9 orcs
  A starspawn tentacle (Abyss:1)
204 creatures vanquished.

Vanquished Creatures (others)
  A harpy (Shoals:2)
  A centaur (Volcano)
  53 hexers
  An ufetubus (Abyss:1)
  5 starspawn tentacles (Abyss:1)
61 creatures vanquished.

Grand Total: 988 creatures vanquished

Notes
Turn   | Place    | Note
-------+----------+-------------------------------------------
     0 | D:1      | adelrune the Coglin Hunter began the quest for the Orb.
     0 | D:1      | Reached XP level 1. HP: 16/16 MP: 1/1
   100 | D:1      | Reached XP level 2. HP: 22/22 MP: 2/2
   185 | D:1      | Reached skill level 4 in Ranged Weapons
   307 | D:1      | Reached XP level 3. HP: 28/28 MP: 3/3
  1008 | D:2      | Reached XP level 4. HP: 34/34 MP: 4/4
  1279 | D:2      | Found a faded altar of an unknown god.
  1680 | D:3      | Found a hide-covered altar of Uskayaw.
  1695 | D:3      | Found a hazy altar of Hepliaklqana.
  1704 | D:3      | Became a worshipper of Hepliaklqana the Forgotten
  1770 | D:3      | Reached XP level 5. HP: 41/41 MP: 5/5
  1817 | D:3      | Noticed Terence
  1825 | D:3      | Killed Terence
  1965 | D:3      | Noticed Sigmund
  2216 | D:3      | Reached skill level 5 in Ranged Weapons
  2425 | D:4      | Reached XP level 6. HP: 47/47 MP: 6/6
  2627 | D:4      | Noticed a black bear
  2644 | D:5      | Entered Level 5 of the Dungeon
  2659 | D:5      | Reached * piety under Hepliaklqana
  2679 | D:5      | Reached XP level 7. HP: 48/48 MP: 7/7
  2876 | D:5      | Reached skill level 6 in Ranged Weapons
  3434 | D:4      | Reached XP level 8. HP: 54/54 MP: 8/8
  3744 | D:3      | Reached ** piety under Hepliaklqana
  3745 | D:3      | Remembered your ancestor Kuajepilol as a hexer
  4056 | D:3      | Killed Sigmund
  4057 | D:3      | Reached skill level 5 in Fighting
  4057 | D:3      | Reached skill level 7 in Ranged Weapons
  4364 | D:6      | Reached skill level 5 in Dodging
  4425 | D:6      | Reached skill level 8 in Ranged Weapons
  4496 | D:6      | Reached XP level 9. HP: 62/62 MP: 9/9
  4500 | D:6      | Found a staircase to the Ecumenical Temple.
  5175 | D:6      | Reached skill level 9 in Ranged Weapons
  5552 | D:7      | Identified the +6 long sword "Acsyh" {drain, Fly rElec
                  | rCorr}
  5856 | D:7      | Reached *** piety under Hepliaklqana
  6136 | D:8      | Found a runed translucent door.
  6156 | D:8      | Reached XP level 10. HP: 69/71 MP: 10/10
  6402 | D:8      | Reached skill level 10 in Ranged Weapons
  6588 | D:8      | Noticed Joseph
  6603 | D:8      | Killed Joseph
  6690 | D:8      | Found the +9 staff of Olgreb {rPois∞}
  6714 | D:8      | Found a runed translucent gate.
  6714 | D:8      | Found a runed translucent gate.
  6715 | D:8      | Found a runed translucent door.
  6726 | D:8      | Found a runed translucent gate.
  6934 | D:8      | Noticed a cyclops
  6942 | D:8      | Noticed a skeletal warrior
  6947 | D:8      | Identified the staff of Diulur {rPois rF+ Will+ Alchemy}
  7258 | D:8      | Reached skill level 11 in Ranged Weapons
  7393 | D:9      | Reached XP level 11. HP: 78/78 MP: 11/11
  7404 | D:9      | Found a staircase to the Orcish Mines.
  7437 | D:9      | Found a runed translucent gate.
  7438 | D:9      | Found a runed translucent gate.
  7439 | D:9      | Found a runed translucent gate.
  7439 | D:9      | Noticed MadMike78's ghost (novice CoGl)
  7524 | D:9      | Identified the +1 ring mail of Iniotwui {Harm Int+2}
  7608 | D:9      | Found a staircase to the Lair.
  7792 | D:10     | Entered Level 10 of the Dungeon
  7884 | D:10     | Found a bloodstained altar of Trog.
  7914 | D:10     | Reached **** piety under Hepliaklqana
  7935 | D:10     | Noticed a two-headed ogre
  7947 | D:10     | Killed a two-headed ogre
  8200 | D:10     | Reached skill level 1 in Invocations
  8450 | D:10     | Noticed an ice dragon
  8958 | D:10     | Found a shadowy altar of Dithmenos.
  9196 | Lair:1   | Entered Level 1 of the Lair of Beasts
  9206 | Lair:1   | Noticed Erica
  9235 | Lair:1   | Killed Erica
  9236 | Lair:1   | Reached skill level 12 in Ranged Weapons
  9603 | Lair:1   | Found a sparkling altar of Nemelex Xobeh.
  9737 | Lair:1   | Reached skill level 1 in Evocations
 10374 | Lair:1   | Identified a scroll of acquirement
 10374 | Lair:1   | Acquired the +0 hat of Neuhast {rPois}
 10463 | Lair:2   | Reached XP level 12. HP: 86/86 MP: 14/14
 10500 | Lair:2   | Noticed an eight-headed hydra
 10699 | Lair:2   | Killed an eight-headed hydra
 10868 | Lair:2   | Noticed a six-headed hydra
 10899 | Lair:2   | Killed a six-headed hydra
 11120 | Lair:2   | Noticed a catoblepas
 11246 | Lair:2   | Reached skill level 13 in Ranged Weapons
 11484 | Lair:2   | Killed a catoblepas
 11485 | Lair:2   | Reached skill level 10 in Fighting
 11548 | Lair:2   | Reached ***** piety under Hepliaklqana
 11745 | Lair:2   | Found a staircase to the Shoals.
 11924 | Lair:2   | Reached skill level 5 in Evocations
 12379 | Lair:3   | Noticed a death yak
 12379 | Lair:3   | Noticed a death yak
 12379 | Lair:3   | Noticed a death yak
 12379 | Lair:3   | Noticed a death yak
 12722 | Lair:2   | Killed a death yak
 12942 | Lair:2   | HP: 1/87 [cane toad (11)]
 13135 | Lair:3   | Got the Excursus on the Shifting Atmosphere
 13160 | Lair:3   | Noticed a skyshark
 13420 | Lair:3   | Killed a skyshark
 13421 | Lair:3   | Reached XP level 13. HP: 93/93 MP: 16/16
 13577 | Lair:3   | Found a staircase to the Snake Pit.
 13981 | Lair:4   | Found a dark tunnel.
 14002 | Volcano  | Entered a volcano
 14200 | Volcano  | Reached skill level 5 in Invocations
 14641 | Lair:4   | Reached skill level 10 in Dodging
 16075 | Lair:5   | Entered Level 5 of the Lair of Beasts
 16415 | Lair:5   | Identified the +1 helmet "Zecorewa" {rN+ rCorr Str-3
                  | Slay+2}
 17240 | Lair:5   | Found a viscous altar of Jiyva.
 17240 | Lair:5   | Found a staircase to the Slime Pits.
 17275 | Lair:5   | Noticed Snorg
 17285 | Lair:5   | Killed Snorg
 17588 | Lair:4   | Reached XP level 14. HP: 64/101 MP: 18/18
 17706 | Lair:4   | Acquired a gyrowhirligig L-80 {RevParry, rPois rC+ rCorr}
 18422 | Lair:4   | Reached skill level 10 in Evocations
 18803 | Lair:5   | Noticed a dire elephant
 18803 | Lair:5   | Noticed a dire elephant
 18804 | Lair:5   | Noticed a dire elephant
 18864 | Lair:5   | Noticed a dire elephant
 19302 | Orc:1    | Entered Level 1 of the Orcish Mines
 19730 | Orc:1    | Found Telum's Magic Scroll Boutique.
 19739 | Orc:1    | Bought a scroll of identify for 22 gold pieces
 19739 | Orc:1    | Bought a scroll of teleportation for 33 gold pieces
 19739 | Orc:1    | Bought a scroll of identify for 22 gold pieces
 19812 | Orc:1    | Found Saezuj's Armour Shop.
 19824 | Orc:1    | Bought the +0 cloak of the Thief {Quiet Slay-3 SInv Stlth+}
                  | for 82 gold pieces
 19824 | Orc:1    | Found the +0 cloak of the Thief {Quiet Slay-3 SInv Stlth+}
 19911 | Orc:1    | Found Couhi's Book Boutique.
 19932 | Orc:1    | Found Mynara's Distillery.
 19961 | Orc:1    | Bought a potion of ambrosia for 88 gold pieces
 19961 | Orc:1    | Bought a potion of heal wounds for 55 gold pieces
 19961 | Orc:1    | Bought 2 potions of curing for 66 gold pieces
 19961 | Orc:1    | Bought a potion of haste for 110 gold pieces
 19961 | Orc:1    | Bought a potion of haste for 110 gold pieces
 20014 | Orc:2    | Entered Level 2 of the Orcish Mines
 20022 | Orc:2    | Found a staircase to the Elven Halls.
 20078 | Orc:2    | Reached skill level 1 in Stealth
 20174 | Orc:2    | Found a runed translucent gate.
 20174 | Orc:2    | Found a runed translucent gate.
 20174 | Orc:2    | Found a runed translucent gate.
 20180 | Orc:2    | Noticed Jaxible's ghost (novice MiBe)
 20760 | Orc:2    | Upgraded the game from 0.32-a0-630-g46d191b0ed to
                  | 0.32-a0-643-ga006e7742e
 20767 | Orc:2    | Reached XP level 15. HP: 109/109 MP: 20/20
 21107 | Orc:2    | Found Zarytus's Antique Weapon Shop.
 21108 | Orc:2    | Found Sintud's Magic Scroll Shop.
 21113 | Orc:2    | Found Dojitaon's Assorted Antiques.
 21131 | Orc:2    | Found Votzilo's Antique Armour Boutique.
 21638 | Orc:2    | Bought a scroll of enchant armour for 105 gold pieces
 21638 | Orc:2    | Bought a scroll of summoning for 133 gold pieces
 21638 | Orc:2    | Bought a scroll of fog for 56 gold pieces
 21638 | Orc:2    | Bought a scroll of teleportation for 42 gold pieces
 21650 | Orc:2    | Bought a scroll labelled LEAPOEGUSOO for 26 gold pieces
 21650 | Orc:2    | Bought a scroll of teleportation for 78 gold pieces
 21655 | Orc:2    | Bought a twisted leather armour for 140 gold pieces
 21655 | Orc:2    | Identified the +0 leather armour of the Doldrums {rN+ Str+5
                  | Dex-5} (You bought it in a shop on level 2 of the Orcish
                  | Mines)
 22286 | D:11     | Reached skill level 5 in Stealth
 22848 | D:11     | Got the Enchiridion on Topography and Resurrection
 23138 | D:12     | Found a gate leading to a gauntlet.
 23156 | Gauntlet | Entered a Gauntlet
 23156 | Gauntlet | Found a transporter.
 23165 | Gauntlet | Found a transporter.
 23167 | Gauntlet | Reached ****** piety under Hepliaklqana
 23170 | Gauntlet | Found a transporter.
 23171 | Gauntlet | Found a transporter.
 23172 | Gauntlet | Found a transporter.
 23173 | Gauntlet | Found a transporter.
 23190 | Gauntlet | Found a transporter.
 23191 | Gauntlet | Found a transporter.
 23211 | Gauntlet | Found a transporter.
 23219 | Gauntlet | Found a transporter.
 23227 | Gauntlet | Found a transporter.
 23244 | Gauntlet | Found a transporter.
 23317 | Gauntlet | Found a runed translucent door.
 23465 | Gauntlet | Reached skill level 1 in Armour
 23703 | Gauntlet | Found the +5 scythe "Finisher" {speed, execute}
 23710 | Gauntlet | Identified the +0 pair of boots "Gereac" {rCorr Dex-2 SInv}
 23712 | Gauntlet | Identified the +1 leather armour "Meucsias" {rF+}
 23716 | Gauntlet | Identified the +1 hat of the Dragon {-Tele +Inv Regen+
                  | Str+3}
 24026 | D:12     | Reached skill level 14 in Ranged Weapons
 24458 | D:13     | Noticed Sonja
 24462 | Abyss:1  | Cast into level 1 of the Abyss (Sonja)
 24480 | Abyss:1  | Found a corrupted altar of Lugonu.
 24569 | Abyss:1  | Noticed a tentacled starspawn
 24751 | Abyss:1  | Noticed a lich
 24783 | Abyss:1  | Killed a lich
 24815 | Abyss:1  | Noticed a tentacled starspawn
 24832 | Abyss:1  | Found a corrupted altar of Lugonu.
 24843 | Abyss:1  | Killed a tentacled starspawn
 24867 | Abyss:1  | Reached XP level 16. HP: 49/117 MP: 22/22
 24867 | D:13     | Escaped the Abyss
 25127 | D:13     | Noticed Urug
 25134 | D:13     | Killed Urug
 25603 | D:13     | You fall into a shaft and drop 1 floor!
 25614 | D:14     | Found a white marble altar of Elyvilon.
 26141 | D:14     | Found a gate to the Vaults.
 26544 | D:15     | Entered Level 15 of the Dungeon
 26649 | D:15     | Noticed Nessos
 26660 | D:15     | Killed Nessos
 26797 | D:14     | HP: 1/117 [skeletal warrior/+0 battleaxe (16)]
 26855 | D:13     | Killed Sonja
 28340 | D:15     | Found a runed translucent gate.
 28341 | D:15     | Found a runed translucent gate.
 28341 | D:15     | Noticed an acid blob
 28342 | D:15     | Found a runed translucent gate.
 28343 | D:15     | Noticed Juicyj's ghost (journeyman MDFi)
 28589 | D:15     | Noticed a sphinx
 28654 | D:15     | Paralysed by a sphinx for 4 turns
 28660 | D:15     | Killed a sphinx
 28900 | D:15     | Found a snail-covered altar of Cheibriados.
 29109 | D:15     | Found a staircase to the Depths.
 29156 | D:15     | Found a viscous altar of Jiyva.
 30885 | Snake:1  | Entered Level 1 of the Snake Pit
 30904 | Lair:3   | Reached XP level 17. HP: 87/124 MP: 23/23
 31198 | Snake:1  | Found Omoes's Jewellery Shop.
 31200 | Snake:1  | Found Zonetef's Book Shoppe.
 31201 | Snake:1  | Found Eveofige's Jewellery Shop.
 31214 | Snake:1  | Learned a level 2 spell: Blink
 31257 | Snake:1  | Noticed Roxanne
 31750 | Snake:1  | Reached skill level 1 in Translocations
 32647 | Snake:2  | Identified the serpent talisman of the Earth {rC+}
 32647 | Snake:2  | Noticed Aizul
 32651 | Snake:2  | Killed Aizul
 33042 | Snake:2  | HP: 4/125 [nagaraja/+0 halberd (19)]
 33042 | Snake:2  | HP: 1/125 [constriction[a naga ritualist] (3)]
 33043 | Snake:2  | Reached skill level 5 in Armour
 33922 | Orc:2    | Bought a glowing ring mail for 140 gold pieces
 34530 | Snake:2  | Found Cukeydupp's Book Boutique.
 35458 | Snake:3  | Found Jigov's Weapon Shoppe.
 35462 | Snake:3  | Found Atuyth's General Store.
 35470 | Snake:3  | Bought a scroll of brand weapon for 123 gold pieces
 35849 | Snake:3  | Identified the +0 robe "Fucin" {Will++}
 35943 | Snake:3  | Found a glowing golden altar of the Shining One.
 36258 | Snake:3  | Reached XP level 18. HP: 68/132 MP: 25/25
 36451 | Snake:3  | Reached skill level 5 in Translocations
 36652 | Snake:3  | Reached skill level 15 in Ranged Weapons
 36671 | Snake:3  | Noticed Vashnia
 36699 | Snake:3  | Killed Vashnia
 36786 | Snake:3  | Noticed Louise
 36826 | Snake:3  | Killed Louise
 36969 | Snake:3  | Reached skill level 10 in Stealth
 37330 | Shoals:1 | Entered Level 1 of the Shoals
 37821 | Shoals:1 | Identified the +6 rapier "Bidoral" {antimagic, Will+ Str+4}
 38160 | Shoals:2 | Noticed Ilsuiw
 38657 | Shoals:2 | Noticed Polyphemus
 39034 | Shoals:1 | Hit by a large rock thrown by Polyphemus

Illustrated notes

Levels and vault maps discovered:
D:1:      minmay_arrival_checkered_box, layout_basic, minmay_heptomino_h4
D:2:      layout_basic, shapermc_ecumenical_altar_mp_urbaneastern
D:3:      layout_basic, mainiacjoe_overflow_large_starburst, grunt_ministairs_6,
          chequers_garden, hangedman_glass_teeth, uniq_terence, uniq_sigmund
D:4:      layout_gridville
D:5:      layout_loops_cross
D:6:      layout_basic, minmay_temple_entry_trees
D:7:      mumra_celtic_spiral_tile, layout_basic
D:8:      kennysheep_windowed_halls, layout_cave_pools,
          minmay_guarded_unrand_staff_of_olgreb, uniq_joseph
D:9:      layout_big_octagon, dpeg_oklobed_lair, erik_orc_2,
          gammafunk_ghost_nasty_kobolds, kennysheep_nub
D:10:     dragon1_lemuel, layout_layer_cave, mainiacjoe_overflow_catwalk,
          mainiacjoe_overflow_six_doors_small
D:11:     layout_roguey, kb_rosetta
D:12:     layout_loops_ring, gauntlet_entry_generic
D:13:     layout_stronghold, uniq_sonja, uniq_urug
D:14:     layout_cave_pools, hangedman_vaults_entry_quadrant_bands,
          corexii_corridor_pit, minivault_11, elyvilon_altar_3
D:15:     hellmonk_depths_entry_around_the_bend, layout_irregular_city,
          minivault_4, gammafunk_ghost_ooze, kennysheep_slug_shrine, uniq_nessos
Lair:1:   layout_regular_city, st_stairs_8, chequers_serial_rivers_marsh,
          lemuel_centaur_altar, lemuel_fruit_fields, infiniplex_staircase_pool,
          uniq_erica
Lair:2:   layout_cellular_growth, minmay_shoals_entry_hut
Lair:3:   layout_long_grid, minmay_snake_entry_guardpost_large,
          lemuel_old_faithful
Lair:4:   layout_cave_pods, nicolae_volcano_entry_lava_flow
Lair:5:   due_jungle_book, layout_big_grid, dpeg_slime_entry_enclosed,
          grunt_megastairs_3, uniq_snorg
Shoals:1: layout_shoals
Shoals:2: layout_shoals, kb_tengu_band, uniq_ilsuiw, uniq_polyphemus
Snake:1:  layout_misc_corridors, minmay_shop_grove, lemuel_fruit_tree,
          uniq_roxanne
Snake:2:  layout_grid_shapes, serial_shops, shop, nicolae_large_snake_swirl,
          uniq_aizul
Snake:3:  nrook_guardian_serpent_snake_passage, layout_gridlike, basic_altar,
          hangedman_snake_corridor_cut, minmay_shop_star, uniq_vashnia,
          uniq_louise
Orc:1:    layout_caves, serial_shops, nicolae_shop_just_a_little_nook, shop,
          shop, shop
Orc:2:    st_orc_open, layout_caves, ebering_ghost_rock_garden,
          nicolae_orc_bridge_out

Skill      XL: |  1  2  3  4  5  6  7  8  9 10 11 12 13 14 15 16 17 18 |
---------------+-------------------------------------------------------+-----
Dodging        | 2 3 4 5 6 7 8 9 10 11 12 13 | 13.3
Ranged Weapons | 4 5 6 8 9 11 12 13 14 15 | 15.1
Fighting       | 3 4 5 7 8 9 10 11 12 13 14 | 14.6
Invocations    | 2 4 6 7 8 9 |  9.9
Evocations     | 2 6 9 11 12 13 14 | 14.5
Stealth        | 3 6 8 9 10 | 10.3
Armour         | 2 4 5 6 |  6.2
Translocations | 4 6 |  6.1

Action                     |  1- 3 |  4- 6 |  7- 9 | 10-12 | 13-15 | 16-18 || total
---------------------------+-------+-------+-------+-------+-------+-------++-------
   Fire: Sling             |   190 |   250 |   462 |  1350 |  2128 |  2488 ||  6868
  Throw: Dart              |       |       |       |     3 |       |       ||     3
 Invoke: Ancestor Life: He |       |       |     1 |       |       |       ||     1
         Recall Ancestor   |       |       |       |     7 |     5 |     8 ||    20
         Idealise          |       |       |       |       |     1 |     6 ||     7
Ability: Invent Gizmo      |       |       |       |       |     1 |       ||     1
  Evoke: Wand              |       |       |       |     5 |     2 |    10 ||    17
         Lightning rod     |       |       |       |       |     3 |     7 ||    10
         Sack of spiders   |       |       |       |       |     2 |     2 ||     4
    Use: Scroll            |       |     3 |       |    18 |     6 |    18 ||    45
         Potion            |       |       |       |     4 |    14 |     6 ||    24
 Armour: Leather armour    |    10 |    31 |    35 |       |   277 |   403 ||   756
         Ring mail         |       |       |     2 |   209 |    28 |     1 ||   240
         Skin              |       |       |       |       |    62 |       ||    62
  Dodge: Dodged            |    13 |    26 |    29 |   272 |   428 |   465 ||  1233

Table legend: (Time is in decaauts)
 A = Elapsed time spent in this place.
 B = Non-inter-level travel time spent in this place.
 C = Inter-level travel time spent in this place.
 D = Time resting spent in this place.
 E = Time spent auto-exploring this place.
 F = Levels seen in this place.
 G = Mean time per level.
                   A        B        C        D        E       F      G
               +--------+--------+--------+--------+--------+-----+--------+
         Total |  39129 |  36641 |   2488 |  11859 |  14855 |  30 | 1304.3 |
       Dungeon |  16122 |  14808 |   1314 |   2875 |   8539 |  15 | 1074.8 |
          Lair |  11896 |  11055 |    841 |   5103 |   2868 |   5 | 2379.2 |
        Shoals |   1808 |   1751 |     57 |    890 |    546 |   2 |  904.0 |
     Snake Pit |   5393 |   5224 |    169 |   2006 |   1961 |   3 | 1797.7 |
  Orcish Mines |   2260 |   2155 |    105 |    331 |    801 |   2 | 1130.0 |
         Abyss |    395 |    395 |      0 |    139 |      0 |   1 |  395.0 |
       Volcano |    618 |    618 |      0 |    337 |      0 |   1 |  618.0 |
      Gauntlet |    632 |    632 |      0 |    177 |    140 |   1 |  632.0 |
               +--------+--------+--------+--------+--------+-----+--------+

Top non-repeatable levels by time:
  Lair:5: 3019 daAuts
  Lair:4: 2649 daAuts
  Lair:2: 2595 daAuts
  Lair:3: 2184 daAuts
 Snake:1: 1999 daAuts
 Snake:3: 1802 daAuts
    D:10: 1796 daAuts
Shoals:1: 1761 daAuts
   Orc:2: 1665 daAuts
 Snake:2: 1591 daAuts
  Lair:1: 1447 daAuts
     D:8: 1405 daAuts
     D:9: 1377 daAuts
     D:3: 1365 daAuts
    D:13: 1237 daAuts
